 Dungeon Crawl Stone Soup version 0.20.1-1-g8b1a95d66d (webtiles) character file.

154 CKAuHET the Skirmisher (level 5, -4/42 HPs)
             Began as a Formicid Abyssal Knight on Nov 28, 2017.
             Was a Believer of Lugonu.
             Slain by an orc wizard
             ... wielding a +0 dagger
              (5 damage)
             ... on level 3 of the Dungeon.
             The game lasted 00:12:59 (2830 turns).

CKAuHET the Skirmisher (Formicid Abyssal Knight)    Turns: 2830, Time: 00:13:00

Health: -4/42      AC:  1    Str: 18    XL:     5   Next: 63%
Magic:  6/6        EV:  7    Int: 19    God:    Lugonu [**....]
Gold:   194        SH: 13    Dex: 12    Spells: 4/4 levels left

rFire    . . .     SeeInvis +   n - +2 dagger (speed)
rCold    . . .     Gourm    .   k - +0 large shield
rNeg     + . .     Faith    .   b - +0 leather armour
rPois    .         Spirit   .   (helmet unavailable)
rElec    .         Reflect  .   (no cloak)
rCorr    .         Harm     .   (no gloves)
MR       .....                  (no boots)
Stlth    +.........             (no amulet)
Regen    0.2/turn               g - ring of positive energy
MPRegen  0.1/turn               r - +3 ring of intelligence

@: brilliant
A: permanent stasis, dig shafts and tunnels, four strong arms, antennae 3, agile
1, deformed body, sense surroundings 1, subdued magic 1
a: Dig, Shaft Self, Depart the Abyss, Bend Space, Renounce Religion


You were on level 3 of the Dungeon.
You worshipped Lugonu.
Lugonu was pleased with you.
You were not hungry.

You visited 1 branch of the dungeon, and saw 3 of its levels.
You visited the Abyss 1 time.

You collected 194 gold pieces.

Inventory:

Hand Weapons
 a - a +1 hand axe
 n - a +2 dagger of speed (weapon)
 u - a +0 bardiche
Armour
 b - a +0 leather armour (worn)
 e - a +0 robe of the Archmagi
 k - a +0 large shield (worn)
Jewellery
 g - a ring of positive energy (left hand)
 r - a +3 ring of intelligence (right hand)
Wands
 p - a wand of paralysis (12/24)
 s - a wand of disintegration (9/24)
Scrolls
 c - a scroll of blinking {unknown}
 d - a scroll of remove curse
 h - a scroll of magic mapping {unknown}
 i - 4 scrolls of identify
 l - a scroll of fear {unknown}
 m - a scroll of amnesia {unknown}
 q - a scroll of recharging {unknown}
Comestibles
 f - 2 royal jellies
 t - a bread ration


   Skills:
 + Level 4.2 Fighting
 + Level 1.1 Short Blades
 + Level 2.8 Axes
 + Level 2.9 Armour
 + Level 1.5 Dodging
 + Level 0.3 Stealth
 + Level 2.6 Shields
 + Level 2.2 Invocations


You had 4 spell levels left.
You didn't know any spells.

Dungeon Overview and Level Annotations

Branches:
Dungeon (3/15)

Altars:
Makhleb
Nemelex Xobeh
Okawaru
Zin


Innate Abilities, Weirdness & Mutations

You cannot be hasted, slowed, berserked, paralysed or teleported.
You can dig through walls and to a lower floor.
Your four strong arms can wield two-handed weapons with a shield.
You have a pair of large antennae on your head. (SInv)
You are agile. (Dex +2)
Armour fits poorly on your strangely shaped body.
You passively map a small area around you.
Your spells are a little easier to cast, but a little less powerful.


Message History

You closely miss the orc wizard.
The orc wizard is moderately wounded.
The orc wizard curses loudly, as Orcs often do.
The orc wizard closely misses you.
You hit the orc wizard but do no damage.
The orc wizard is moderately wounded.
The orc wizard is no longer moving quickly.
You block the orc wizard's attack.
You hit the orc wizard.
The orc wizard is severely wounded.
You block the orc wizard's attack.
You hit the orc wizard.
The orc wizard is severely wounded.
You block the orc wizard's attack.
You closely miss the orc wizard.
The orc wizard is severely wounded.
You hit the orc wizard.
The orc wizard is almost dead.
The orc wizard hits you with a dagger.
You die...

# # ##### #####
#######...# ##....
####...##..@## ##.....
######..........o# #......
.......###......########
#).o... ..######
#..###...[).o.# #.)#†#.
...#
#...#..######.####(##.##
..<#
##....######.....(##...#
...#
###........##...#..##..go.
.÷.#
#....#####.#########...8..
...### #.##.# #..# ,,
.....[...


You could see an orc wizard.

Vanquished Creatures
  Jessica (D:3)
  6 adders
  2 oozes
  A dart slug (D:1)
  4 orcs (D:3)
  4 giant cockroaches
  5 hobgoblins
  A quokka (D:2)
  A ball python (D:2)
  11 bats
  8 frilled lizards
  6 goblins
  9 kobolds
  5 rats
64 creatures vanquished.

Notes
Turn   | Place    | Note
-------+----------+-------------------------------------------
     0 | Abyss:1  | CKAuHET the Formicid Abyssal Knight began the quest for the Orb.
     0 | Abyss:1  | Reached XP level 1. HP: 18/18 MP: 2/2
    38 | Abyss:1  | Noticed a snapping turtle simulacrum
    41 | D:1      | Escaped the Abyss
    70 | D:1      | Reached * piety under Lugonu
   501 | D:1      | Reached XP level 2. HP: 24/24 MP: 3/3
   729 | D:1      | Reached skill level 1 in Dodging
   821 | D:1      | Reached skill level 4 in Fighting
   821 | D:1      | Reached XP level 3. HP: 30/30 MP: 4/4
  1319 | D:2      | Reached ** piety under Lugonu
  1319 | D:2      | Reached XP level 4. HP: 37/37 MP: 5/5
  1540 | D:2      | Reached skill level 1 in Shields
  1747 | D:2      | Found a sparkling altar of Nemelex Xobeh.
  2063 | D:2      | Found an iron altar of Okawaru.
  2066 | D:2      | Found a glowing silver altar of Zin.
  2329 | D:3      | Reached XP level 5. HP: 41/42 MP: 6/6
  2492 | D:3      | Found a burning altar of Makhleb.
  2577 | D:3      | Noticed Jessica
  2593 | D:3      | Killed Jessica
  2593 | D:3      | Reached skill level 1 in Short Blades
  2820 | D:3      | Gained mutation: Your spells are a little easier to cast, but a little less powerful. [potion of mutation]
  2820 | D:3      | Gained mutation: Armour fits poorly on your strangely shaped body. [potion of mutation]
  2820 | D:3      | Gained mutation: You passively map a small area around you. [potion of mutation]
  2820 | D:3      | Gained mutation: You are agile. (Dex +2) [potion of mutation]
  2824 | D:3      | HP: 1/42 [orc wizard/dagger (5)]
  2830 | D:3      | Slain by an orc wizard

Skill      XL: |  1  2  3  4  5 |
---------------+----------------+-----
Dodging        | 1 |  1.5
Fighting       | 4 |  4.2
Shields        | 1 2 |  2.6
Short Blades   | 1 |  1.1
Axes           | |  2.8
Armour         | |  2.9
Stealth        | |  0.3
Invocations    | |  2.2

Action                   |  1- 3 |  4- 6 || total
-------------------------+-------+-------++-------
Melee: Hand axe          |    78 |       ||    78
       Dagger            |    12 |   204 ||   216
Invok: Depart the Abyss  |     1 |       ||     1
 Abil: Dig               |     1 |     1 ||     2
Evoke: Wand              |       |     1 ||     1
  Use: Scroll            |       |     4 ||     4
       Potion            |       |     2 ||     2
  Eat: Bread ration      |     1 |       ||     1
       Royal jelly       |       |     1 ||     1
Armor: Leather armour    |    27 |    42 ||    69
Dodge: Dodged            |    36 |    26 ||    62
Block: Large shield      |    34 |   127 ||   161
